 Dungeon Crawl Stone Soup version 0.31-a0-193-gdfe2569204 (webtiles) character file.

Game seed: 16211617761000273687

154 qw the Skirmisher (level 5, -10/29 HPs)
             Began as a Deep Elf Hunter on June 24, 2023.
             Mangled by an iron imp (11 damage)
             ... summoned by Eustachio
             ... on level 4 of the Dungeon.
             The game lasted 00:00:59 (1935 turns).

qw the Skirmisher (Deep Elf Hunter)                 Turns: 1935, Time: 00:01:00

Health: -10/29     AC:  3    Str: 10      XL:     5   Next: 13%
Magic:  7/7        EV: 17    Int: 14      God:
Gold:   98         SH:  0    Dex: 17 (18) Spells: 4/4 levels left

rFire   . . .        Y - +0 shortbow
rCold   . . .        (shield currently unavailable)
rNeg    . . .        c - +0 leather armour
rPois   .            (no helmet)
rElec   .            (no cloak)
rCorr   .            (no gloves)
SInv    .            (no boots)
Will    .....        g - amulet of faith
Stlth   ++           b - +5 ring of evasion
HPRegen 0.24/turn    (no ring)
MPRegen 0.10/turn

%: faith
@: no status effects
A: no striking features
a: no special abilities


You were on level 4 of the Dungeon.
You visited 1 branch of the dungeon, and saw 4 of its levels.

You collected 137 gold pieces.
You spent 39 gold pieces at shops.


   Skills:
 - Level 1.5 Fighting
 + Level 8.5 Ranged Weapons
 - Level 2.4 Dodging
 - Level 1.2 Stealth


You had 4 spell levels left.
You didn't know any spells.
Your spell library was empty.

Inventory:

Hand Weapons
 Y - a +0 shortbow (weapon)
Armour
 c - a +0 leather armour (worn)
Jewellery
 b - a +5 ring of evasion (left hand)
 g - an amulet of faith (around neck)
 h - a ring of fire
Scrolls
 a - a scroll of identify
 e - a scroll of revelation {unknown}
 i - a scroll of enchant armour {unknown}
Potions
 d - a potion of haste
 f - a potion of degeneration {unknown}
 j - a potion of berserk rage {unknown}
 l - a potion of mutation {unknown}
 m - 2 potions of curing

Dungeon Overview and Level Annotations

Branches:
Dungeon (4/15)
 Temple: D:4-7

Altars:
Trog
Wu Jian

Shops:
D:1 !   D:3 !

Annotations:
D:4 Eustachio


Message History

You shoot an arrow. The arrow misses the quasit.
The shadow imp hits you. The quasit bites you.
The quasit completely misses you. The quasit misses you.
The iron imp completely misses you.
You shoot an arrow. The arrow misses the quasit.
The quasit bites you.
You feel clumsy. The quasit closely misses you. The quasit misses you.
The shadow imp misses you. The iron imp hits you. The quasit bites you.
The quasit misses you. The quasit barely misses you. The shadow imp misses you.
You shoot an arrow. The arrow misses the quasit.
The arrow hits Eustachio!
Eustachio is heavily wounded.
The quasit closely misses you. The quasit barely misses you.
The quasit claws you. The iron imp barely misses you.
The shadow imp closely misses you.
You shoot an arrow. The arrow hits the quasit!
The quasit is almost dead.
The quasit misses you. The quasit completely misses you.
The quasit closely misses you.
The shadow imp hits you but does no damage.
The iron imp hits you. The quasit barely misses you.
The quasit claws you but does no damage.
The quasit closely misses you.
Eustachio hits you with a +1 rapier of holy wrath.
You shoot an arrow. The arrow hits the quasit.
You kill the quasit!
The quasit disappears in a puff of smoke!
The shadow imp hits you. Eustachio misses you.
You shoot an arrow.
The arrow hits Eustachio but does no damage.
Eustachio is heavily wounded.
The iron imp closely misses you.
The shadow imp hits you but does no damage.
Eustachio gestures wildly while chanting.
You shoot an arrow. The arrow hits Eustachio!
Eustachio is severely wounded.
The iron imp completely misses you. The shadow imp barely misses you.
Eustachio misses you.
You shoot an arrow. The arrow barely misses Eustachio.
The shadow imp hits you. The iron imp hits you!
You die...

....##.(........#
...<+...........#
....#...........#
....#..........#######
....##.......).##....#
....##...............#
.........##....##...##..
.........##....##@r....$
......... #....5@.r.....
....##... +.....5.......
....##... #.............
....... #.............
...... #.............
#....##....... ######
...##.. ...# ..


You could see Eustachio, an iron imp (summoned), a river rat (summoned), a
shadow imp (summoned) and a quokka (summoned).

Vanquished Creatures
  An iguana (D:4)
  4 adders
  2 dart slugs (D:1)
  6 orcs
  7 endoplasms
  3 giant cockroaches
  8 goblins
  6 hobgoblins
  4 jackals (D:1)
  4 quokkas
  8 ball pythons
  4 bats
  A frilled lizard (D:1)
  10 kobolds
  10 rats
78 creatures vanquished.

Notes
Turn   | Place    | Note
-------+----------+-------------------------------------------
     0 | D:1      | qw the Deep Elf Hunter began the quest for the Orb.
     0 | D:1      | Reached XP level 1. HP: 12/12 MP: 3/3
     0 | D:1      | 0 ||| qw: Version: 0.3-a-9-g12657ce
     0 | D:1      | 0 ||| qw: Game counter: 4712
     0 | D:1      | 0 ||| qw: Always use a shield: true
     0 | D:1      | 0 ||| qw: God list: Okawaru
     0 | D:1      | 0 ||| qw: Allow faded altars: false
     0 | D:1      | 0 ||| qw: Do Orc after D:15 true
     0 | D:1      | 0 ||| qw: Do second Lair branch before Depths: true
     0 | D:1      | 0 ||| qw: Lair rune preference: random
     0 | D:1      | 0 ||| qw: Plans: Normal
     0 | D:1      | 0 ||| PLANNING D:1-11
    33 | D:1      | Found Ugiuwn's Distillery.
    43 | D:1      | 43 ||| SHOPLISTING potion of cancellation (96 gold, have
                  | 19).
    43 | D:1      | 43 ||| SHOPLISTING potion of curing (36 gold, have 19).
    43 | D:1      | 43 ||| SHOPLISTING potion of heal wounds (60 gold, have
                  | 19).
    43 | D:1      | 43 ||| SHOPLISTING potion of might (48 gold, have 19).
    60 | D:1      | Reached XP level 2. HP: 11/16 MP: 4/4
    64 | D:1      | Reached skill level 6 in Ranged Weapons
   227 | D:1      | Reached XP level 3. HP: 20/20 MP: 5/5
   488 | D:1      | 488 ||| UPGRADING to amulet of faith.
   493 | D:1      | 493 ||| READING scroll labelled NAUZUHOIT.
   498 | D:1      | 498 ||| READING scroll labelled MODAIG VAECERE.
   499 | D:1      | 499 ||| READING scroll labelled MIHORIA LAPS.
   500 | D:1      | 500 ||| READING scroll labelled NEMNE AJAPROQU.
   501 | D:1      | 501 ||| READING scroll labelled CIUZXACANI.
   502 | D:1      | 502 ||| DROPPING scroll of butterflies.
   550 | D:2      | Reached skill level 7 in Ranged Weapons
   821 | D:2      | Reached XP level 4. HP: 15/25 MP: 6/6
  1112 | D:2      | 1112 ||| UPGRADING to +5 ring of evasion.
  1113 | D:2      | 1113 ||| READING scroll labelled QEUPHYCSET.
  1114 | D:2      | 1114 ||| READING scroll labelled OSHROA TUWOTI.
  1115 | D:2      | 1115 ||| READING 3 scrolls of identify.
  1115 | D:2      | 1115 ||| IDENTIFYING black potion
  1116 | D:2      | 1116 ||| READING 2 scrolls of identify.
  1116 | D:2      | 1116 ||| IDENTIFYING glowing golden potion
  1117 | D:2      | 1117 ||| DROPPING potion of lignification.
  1119 | D:2      | 1119 ||| Stepping ~*~*~tactically~*~*~ (cloud).
  1221 | D:3      | Found an ornate altar of the Wu Jian Council.
  1267 | D:3      | Found Byst's Distillery.
  1275 | D:3      | 1275 ||| BUYING potion of curing (39 gold).
  1275 | D:3      | Bought a potion of curing for 39 gold pieces
  1275 | D:3      | 1275 ||| SHOPLISTING potion of haste (130 gold, have 55).
  1275 | D:3      | 1275 ||| SHOPLISTING potion of heal wounds (65 gold, have
                  | 55).
  1371 | D:3      | Found a bloodstained altar of Trog.
  1582 | D:3      | Reached skill level 8 in Ranged Weapons
  1821 | D:3      | 1821 ||| DROPPING scarf of shadows.
  1822 | D:3      | 1822 ||| READING scroll labelled NAWAF KOCOM.
  1906 | D:4      | Reached XP level 5. HP: 29/29 MP: 7/7
  1921 | D:4      | Noticed Eustachio
  1931 | D:4      | HP: 6/29 [Eustachio/+1 rapier of holy wrath (6)]
  1932 | D:4      | HP: 1/29 [shadow imp[Eustachio] (5)]
  1935 | D:4      | Mangled by an iron imp

Levels and vault maps discovered:
D:1:      lightli_arrival_chessboard, layout_rooms, serial_shops,
          nicolae_shop_trees, nicolae_figureground_sparkle
D:2:      layout_basic
D:3:      layout_loops_cross, mainiacjoe_overflow_cross_hatched, trog_book,
          serial_shops, shop
D:4:      layout_gridville, minmay_temple_entry_nine_rooms,
          kennysheep_another_room, lightli_corner_chamber, uniq_eustachio

Skill      XL: |  1  2  3  4 |
---------------+-------------+-----
Ranged Weapons | 6 7 8 |  8.5
Fighting       | |  1.5
Dodging        | |  2.4
Stealth        | |  1.2

Action                     |  1- 3 |  4- 6 || total
---------------------------+-------+-------++-------
   Fire: Shortbow          |   112 |    77 ||   189
    Use: Scroll            |     5 |     5 ||    10
 Armour: Leather armour    |     7 |     5 ||    12
  Dodge: Dodged            |    15 |    33 ||    48

Table legend:
 A = Non-vault XP
 B = Vault XP
 C = Vault XP percentage of total XP
 D = Non-vault monster count
 E = Vault monster count
 F = Vault count percentage of total count
                 A         B        C        D         E       F
            +---------+---------+-------+---------+---------+-------
      Total |     220 |       0 |   0.0 |      78 |       0 |   0.0
            +---------+---------+-------+---------+---------+-------
        D:1 |      60 |       0 |   0.0 |      34 |       0 |   0.0
        D:2 |      54 |       0 |   0.0 |      19 |       0 |   0.0
        D:3 |      55 |       0 |   0.0 |      22 |       0 |   0.0
        D:4 |      51 |       0 |   0.0 |       3 |       0 |   0.0
            +---------+---------+-------+---------+---------+-------
